 Dungeon Crawl Stone Soup version 0.26.0-10-g1f06aea511 (webtiles) character file.

Game seed: 5133327356557206352

116 Dracia the Poker (level 4, 0/33 HPs)
             Began as a Demonspawn Gladiator on Jan 23, 2021.
             Slain by a gnoll
             ... wielding a +0 club
              (6 damage)
             ... on level 3 of the Dungeon.
             The game lasted 00:02:44 (2014 turns).

Dracia the Poker (Demonspawn Gladiator)             Turns: 2014, Time: 00:02:45

Health: 0/33       AC:  6    Str: 14    XL:     4   Next: 70%
Magic:  4/4        EV: 11    Int: 11    God:
Gold:   124        SH:  0    Dex: 10    Spells: 3/3 levels left

rFire    . . .     SeeInvis .   a - +0 trident
rCold    . . .     Faith    .   (no shield)
rNeg     . . .     Spirit   .   g - +0 scale mail
rPois    .         Reflect  .   (helmet restricted)
rElec    .         Harm     .   (no cloak)
rCorr    .         Rampage  .   (no gloves)
Will     .....                  (no boots)
Stlth    ..........             j - amulet of inaccuracy (curse)
HPRegen  0.11/turn              e - -4 ring of dexterity (curse)
MPRegen  0.09/turn              (no ring)

@: lethally poisoned (0 -> -3)
A: hooves 2, horns 1, repulsion field 1, powered by pain 1
a: no special abilities


You were on level 3 of the Dungeon.
You visited 1 branch of the dungeon, and saw 3 of its levels.

You collected 124 gold pieces.


Innate Abilities, Weirdness & Mutations

You are surrounded by a mild repulsion field. (EV +2)
You sometimes gain a little power by taking damage.
You have hoof-like feet.
You have a pair of small horns on your head.


   Skills:
 - Level 2.0 Fighting
 + Level 5.0 Polearms
 - Level 1.7 Throwing
 - Level 2.6 Dodging


You had 3 spell levels left.
You didn't know any spells.
Your spell library contained the following spells:

 Spells                   Type           Power        Failure   Level
 Beastly Appendage        Tmut           0%           85%         1
 Wereblood                Tmut           0%           94%         2
 Spider Form              Tmut/Pois      0%           99%         3
 Ice Form                 Ice/Tmut       0%           100%        4
 Blade Hands              Tmut           0%           100%        5

Inventory:

Hand Weapons
 a - a +0 trident (weapon)
Missiles
 d - 3 throwing nets (quivered) {=f=f}
 h - 3 datura-tipped darts
Armour
 b - a +0 leather armour
 c - a +0 helmet
 g - a +0 scale mail (worn)
Jewellery
 e - a cursed -4 ring of dexterity (left hand)
 j - a cursed amulet of inaccuracy (around neck)
Scrolls
 f - a scroll of teleportation {unknown}
 k - a scroll of identify {@r1@r1}
 l - a scroll of amnesia {unknown}
Potions
 i - 2 potions of curing {@q1@q1}

Dungeon Overview and Level Annotations

Branches:
Dungeon (3/15)

Altars:
Kikubaaqudgha

#.#.##.
##......#
........####
>..$.......#
#.........#
#.........#
#........?#
#....g..##
######.....@..##
............S..#
######.###....#
#.# ##.#.#
##########.#
.#.#
#..<.†.....# .#
# #.#####.####
.# # #.# .# #.#


You could see a gnoll and an adder.


Message History

Unknown command.
You closely miss the adder.
The adder is almost dead.
You feel sick. The adder closely misses you. The gnoll closely misses you.
The adder bites you but does no damage.
Unknown command.
You barely miss the adder. Your kick misses the adder.
Your headbutt misses the adder.
The adder is almost dead.
The adder bites you but does no damage. The gnoll hits you but does no damage.
Unknown command.
You miss the adder.
The adder is almost dead.
You feel sick. The adder barely misses you. The gnoll closely misses you.
The adder closely misses you.
You miss the adder. Your kick misses the adder.
The adder is almost dead.
You feel sick. The adder bites you but does no damage.
The gnoll hits you with a +0 club.
* * * LOW HITPOINT WARNING * * *
You miss the adder. Your headbutt misses the adder.
The adder is almost dead.
The adder bites you.
* * * LOW HITPOINT WARNING * * *
The gnoll hits you with a +0 club.
* * * LOW HITPOINT WARNING * * *
You barely miss the adder.
The adder is almost dead.
You feel sick. The adder barely misses you. The gnoll hits you with a +0 club.
You die...

Skill      XL: |  1  2  3  4 |
---------------+-------------+-----
Polearms       | 3 4 5 |  5.0
Fighting       | |  2.0
Throwing       | |  1.7
Dodging        | |  2.6

Action                   |  1- 3 |  4- 6 || total
-------------------------+-------+-------++-------
Melee: Trident           |   131 |    94 ||   225
       Kick              |     1 |     7 ||     8
       Headbutt          |       |     5 ||     5
  Use: Scroll            |     1 |       ||     1
       Potion            |     1 |     1 ||     2
Armor: Leather armour    |    10 |       ||    10
       Scale mail        |    44 |    46 ||    90
Dodge: Dodged            |    81 |    63 ||   144

Levels and vault maps discovered:
D:1:      matt_arrival_spirals, layout_loops_corners
D:2:      layout_rooms, kiku_gazebo_pond_becter, uniq_jessica
D:3:      layout_loops_ring, lemuel_round_altar, uniq_robin

Notes
Turn   | Place    | Note
-------+----------+-------------------------------------------
     0 | D:1      | Dracia the Demonspawn Gladiator began the quest for the
                  | Orb.
     0 | D:1      | Reached XP level 1. HP: 16/16 MP: 1/1
   397 | D:1      | Reached skill level 3 in Polearms
   469 | D:1      | Gained mutation: You sometimes gain a little power by
                  | taking damage. [demonic ancestry]
   469 | D:1      | Reached XP level 2. HP: 16/22 MP: 2/2
  1229 | D:2      | Gained mutation: You are surrounded by a mild repulsion
                  | field. (EV +2) [demonic ancestry]
  1229 | D:2      | Reached XP level 3. HP: 27/27 MP: 3/3
  1317 | D:2      | Reached skill level 4 in Polearms
  1337 | D:2      | Noticed Jessica
  1340 | D:2      | Killed Jessica
  1379 | D:2      | Gained mutation: You have a pair of small horns on your
                  | head. [potion of mutation]
  1379 | D:2      | Gained mutation: You have large cloven feet. [potion of
                  | mutation]
  1379 | D:2      | Gained mutation: You have hoof-like feet. [potion of
                  | mutation]
  1385 | D:2      | Reached XP level 4. HP: 8/33 MP: 4/4
  1569 | D:2      | Found an ancient bone altar of Kikubaaqudgha.
  1697 | D:2      | Reached skill level 5 in Polearms
  2014 | D:3      | Slain by a gnoll

Vanquished Creatures
  Jessica (D:2)
  4 adders (D:2)
  A dart slug (D:1)
  3 leopard geckos
  A ball python (D:2)
  4 giant cockroaches
  4 goblins
  4 hobgoblins
  7 jackals
  2 quokkas (D:2)
  7 bats
  A frilled lizard (D:1)
  2 kobolds
  6 rats
47 creatures vanquished.

Table legend: (Time is in decaauts)
 A = Elapsed time spent in this place.
 B = Non-inter-level travel time spent in this place.
 C = Inter-level travel time spent in this place.
 D = Time resting spent in this place.
 E = Time spent auto-exploring this place.
 F = Levels seen in this place.
 G = Mean time per level.
                   A        B        C        D        E       F      G
               +--------+--------+--------+--------+--------+-----+--------+
         Total |   2035 |   1967 |     68 |    172 |   1421 |   3 |  678.3 |
       Dungeon |   2035 |   1967 |     68 |    172 |   1421 |   3 |  678.3 |
               +--------+--------+--------+--------+--------+-----+--------+

Top non-repeatable levels by time:
     D:1: 1150 daAuts
     D:2: 848 daAuts
     D:3: 37 daAuts

Table legend:
 A = Non-vault XP
 B = Vault XP
 C = Vault XP percentage of total XP
 D = Non-vault monster count
 E = Vault monster count
 F = Vault count percentage of total count
                 A         B        C        D         E       F
            +---------+---------+-------+---------+---------+-------
      Total |     130 |      37 |  22.2 |      46 |       1 |   2.1
            +---------+---------+-------+---------+---------+-------
        D:1 |      36 |       0 |   0.0 |      20 |       0 |   0.0
        D:2 |      93 |      37 |  28.5 |      25 |       1 |   3.8
        D:3 |       1 |       0 |   0.0 |       1 |       0 |   0.0
            +---------+---------+-------+---------+---------+-------
